 Dungeon Crawl Stone Soup version 0.27-a0-668-gb5737ff2c0 (webtiles) character file.

Game seed: 14129287534324633195

7 rageheart7 the Vexing (level 2, -3/17 HPs)
             Began as a Tengu Wanderer on Mar 18, 2021.
             Slain by a goblin
             ... wielding a +0 dagger
              (4 damage)
             ... on level 1 of the Dungeon.
             The game lasted 00:00:43 (73 turns).

rageheart7 the Vexing (Tengu Wanderer)                Turns: 73, Time: 00:00:44

Health: -3/17      AC:  2    Str: 15    XL:     2   Next: 0%
Magic:  4/4        EV: 11    Int: 10    God:
Gold:   15         SH:  0    Dex: 12    Spells: 3/3 levels left

rFire    . . .     SeeInvis .   a - +2 dagger
rCold    . . .     Faith    .   (no shield)
rNeg     . . .     Spirit   .   d - +0 robe
rPois    .         Reflect  .   (helmet restricted)
rElec    .         Harm     .   (no cloak)
rCorr    .         Rampage  .   (no gloves)
Will     .....                  (boots unavailable)
Stlth    ++........             (no amulet)
HPRegen  0.05/turn              (no ring)
MPRegen  0.09/turn              (no ring)

@: no status effects
A: beak, talons 3
a: no special abilities


You were on level 1 of the Dungeon.
You visited 1 branch of the dungeon, and saw 1 of its levels.

You collected 15 gold pieces.

Inventory:

Hand Weapons
 a - a +2 dagger (weapon)
 c - a +0 short sword
Armour
 d - a +0 robe (worn)
Scrolls
 e - a scroll of identify {unknown}
 f - a scroll of teleportation {unknown}
Potions
 b - a potion of haste


   Skills:
 * Level 2.0 Fighting
 - Level 1.1 Long Blades
 - Level 2.0 Stealth
 - Level 1.0 Shields
 - Level 1.0 Spellcasting
 - Level 2.1 Hexes
 - Level 1.0 Ice Magic


You had 3 spell levels left.
You didn't know any spells.
Your spell library was empty.

Dungeon Overview and Level Annotations

Branches:
Dungeon (1/15)

Altars:

Shops:
D:1 ?


Innate Abilities, Weirdness & Mutations

You have a beak for a mouth.
You have claws for feet.


Message History

You kill the rat!
The goblin closely misses you.
You barely miss the frilled lizard. Your kick misses the frilled lizard.
Your peck misses the frilled lizard. The frilled lizard bites you.
The goblin completely misses you.
You are too injured to fight recklessly!
You are too injured to fight recklessly!
You are too injured to fight recklessly!
You are too injured to fight recklessly!
You are too injured to fight recklessly!
You are too injured to fight recklessly!
You are too injured to fight recklessly!
You are too injured to fight recklessly!
You are too injured to fight recklessly!
You are too injured to fight recklessly!
You are too injured to fight recklessly!
You are too injured to fight recklessly!
You are too injured to fight recklessly!
You are too injured to fight recklessly!
You are too injured to fight recklessly!
You are too injured to fight recklessly!
You closely miss the frilled lizard. You peck the frilled lizard.
You kill the frilled lizard!
The goblin barely misses you.
Your Fighting skill increases to level 2!
You have reached level 2!
You hit the goblin.
The goblin is severely wounded.
The goblin hits you with a +0 dagger.
* * * LOW HITPOINT WARNING * * *
You barely miss the goblin.
The goblin is heavily wounded.
The goblin hits you with a +0 dagger.
* * * LOW HITPOINT WARNING * * *
The kobold hits you but does no damage.
You closely miss the goblin. You claw the goblin. Your peck misses the goblin.
The goblin is almost dead.
A gnoll comes into view. It is wielding a +0 spear.
The goblin hits you with a +0 dagger.
You die...

##
#......)....######
######...........+
#+###+#.#####..
...............
.>......#######
.>.##.#..# ..
#.#..## #.#...###
#...@K..#
#....g..#
#.......#
#.......#
#.......#
#.......#
#.......#
#.####g.#


You could see a gnoll (wandering), a goblin and a kobold.

Vanquished Creatures
  A leopard gecko (D:1)
  A goblin (D:1)
  A hobgoblin (D:1)
  A frilled lizard (D:1)
  A kobold (D:1)
  A rat (D:1)
6 creatures vanquished.

Notes
Turn   | Place    | Note
-------+----------+-------------------------------------------
     0 | D:1      | rageheart7 the Tengu Wanderer began the quest for the Orb.
     0 | D:1      | rageheart7 set off with the following items: a +2 dagger, a
                  | potion of haste, a +0 short sword, a +0 robe
     0 | D:1      | Reached XP level 1. HP: 12/12 MP: 3/3
    58 | D:1      | Found Liorcheq's Magic Scroll Shop.
    71 | D:1      | Reached XP level 2. HP: 9/17 MP: 4/4
    73 | D:1      | Slain by a goblin

Illustrated notes

Levels and vault maps discovered:
D:1:      lightli_arrival_statue_moat, layout_basic, serial_shops, shop,
          minmay_box_of_dots

Skill      XL: |  1 |
---------------+----+-----
Fighting       | 2 |  2.0
Long Blades    | |  1.1
Stealth        | |  2.0
Shields        | |  1.0
Spellcasting   | |  1.0
Hexes          | |  2.1
Ice Magic      | |  1.0

Action                   || total
-------------------------++-------
Melee: Dagger            ||    13
       Kick              ||     2
       Peck              ||     1
Armor: Robe              ||     2
Dodge: Dodged            ||     5

Table legend: (Time is in decaauts)
 A = Elapsed time spent in this place.
 B = Non-inter-level travel time spent in this place.
 C = Inter-level travel time spent in this place.
 D = Time resting spent in this place.
 E = Time spent auto-exploring this place.
 F = Levels seen in this place.
 G = Mean time per level.
                   A        B        C        D        E       F      G
               +--------+--------+--------+--------+--------+-----+--------+
         Total |     72 |     72 |      0 |      0 |     46 |   1 |   72.0 |
       Dungeon |     72 |     72 |      0 |      0 |     46 |   1 |   72.0 |
               +--------+--------+--------+--------+--------+-----+--------+

Top non-repeatable levels by time:
     D:1: 72 daAuts
